AoeStats
← Woyzek

Black Forest

510148260Analyzed
4v4 RM · 3d ago on Sep 29, 2026· 80m 47s· 8 players
Game mode
Random Map
Map size
Large (8 player)
Population
200
Speed
Normal
Resources
Standard
Victory
Conquest
Starting age
Dark Age
Ending age
Imperial Age
RankedLock teamsTeams togetherTeam positionsShared explorationLock speedFull tech treeHidden civsTurbo modeCheats
Victory
Defeat
🇧🇷 Khmer · Brazil
685
+24
🇨🇱 Khmer · Chile
634
+13
🇧🇷 Franks · Brazil
616
+13
535
+16
🇮🇳 Aztecs · India
579
-14
🇦🇷 Lithuanians · Argentina
564
-14
🇦🇷 Khmer · Argentina
552
-13
🇸🇪 Persians · Sweden
533
-12
Woyzek
5:34 Loom
13:49 Feudal Age
14:19 Horse Collar
14:33 Gold Mining
15:02 Town Watch
17:11 Wheelbarrow
19:37 Stone Mining
21:26 Double-Bit Axe
25:50 Padded Archer Armor
25:45 Fletching
29:31 Castle Age
30:13 Heavy Plow
30:29 Bow Saw
30:58 Stone Shaft Mining
31:28 Hand Cart
31:42 Caravan
33:42 Hill Forts
40:51 Crossbowman
50:35 Masonry
50:46 Ballistics
54:47 Imperial Age
GROSZEK 2137
5:15 Loom
18:40 Feudal Age
19:59 Wheelbarrow
20:22 Gold Mining
20:22 Stone Mining
28:05 Castle Age
25:48 Horse Collar
25:56 Double-Bit Axe
30:30 Bow Saw
32:53 Imperial Age
32:12 Hand Cart
32:12 Caravan
32:47 Heavy Plow
34:22 Crop Rotation
37:02 Stone Shaft Mining
37:02 Gold Shaft Mining
37:43 Elite Ballista Elephant
41:06 Double Crossbow
46:02 Tusk Swords
45:57 Town Watch
46:34 Elite Battle Elephant
48:49 Husbandry
52:23 Scale Barding Armor
52:18 Scale Mail Armor
Man_at_arms_rush_FC
8:22 Loom
12:22 Feudal Age
13:38 Wheelbarrow
20:45 Castle Age
19:03 Double-Bit Axe
19:03 Horse Collar
19:17 Gold Mining
20:27 Stone Mining
24:25 Hand Cart
25:43 Gold Shaft Mining
25:47 Stone Shaft Mining
25:15 Heavy Plow
25:27 Bow Saw
34:10 Imperial Age
33:27 Forging
33:18 Scale Mail Armor
34:59 Town Watch
35:25 Gambesons
35:41 Squires
35:26 Arson
36:20 Iron Casting
36:00 Chain Mail Armor
36:10 Town Patrol
36:23 Siege Engineers
36:15 Murder Holes
36:42 Ballistics
37:22 Crop Rotation
36:20 Capped Ram
36:23 Elite Jaguar Warrior
37:24 Garland Wars
37:25 Conscription
39:35 Blast Furnace
39:06 Plate Mail Armor
41:16 Fletching
48:37 Caravan
53:35 Siege Ram
54:53 Bodkin Arrow
rosseirc
16:47 Feudal Age
17:57 Wheelbarrow
17:11 Double-Bit Axe
17:09 Horse Collar
20:59 Gold Mining
21:00 Stone Mining
26:27 Castle Age
27:14 Bow Saw
27:13 Heavy Plow
27:29 Hand Cart
27:56 Gold Shaft Mining
27:57 Stone Shaft Mining
31:09 Kamandaran
35:45 Imperial Age
33:03 Town Watch
33:05 Loom
34:04 Scale Barding Armor
34:10 Forging
33:52 Fletching
34:56 Guard Tower
35:28 Ballistics
34:59 Heated Shot
35:19 Masonry
34:44 Crossbowman
35:49 Thumb Ring
36:35 Conscription
38:16 Two-Man Saw
39:09 Chemistry
38:28 Town Patrol
38:41 Caravan
39:12 Coinage
42:15 Bloodlines
42:06 Husbandry
43:05 Cavalier
49:00 Bodkin Arrow
49:06 Padded Archer Armor
50:13 Crop Rotation
53:11 Architecture
52:59 Leather Archer Armor
53:19 Iron Casting
53:04 Chain Barding Armor
56:35 Citadels
56:25 Pikeman
57:06 Squires
58:32 Halberdier
64:41 Guilds
65:03 Banking
64:09 Savar
demishasler
8:47 Feudal Age
12:57 Wheelbarrow
25:21 Fishing Lines
27:15 Loom
29:48 Wheelbarrow
30:25 Horse Collar
35:51 Castle Age
34:16 Town Watch
37:10 Gillnets
38:02 Heavy Plow
37:57 Double-Bit Axe
40:06 Crossbowman
42:24 Gold Mining
42:25 Stone Mining
44:26 Husbandry
46:12 Stone Shaft Mining
46:13 Gold Shaft Mining
52:52 Hand Cart
52:40 Town Patrol
57:06 Coinage
56:37 Caravan
57:00 Bow Saw
61:49 Fletching
62:02 Padded Archer Armor
62:14 Forging
62:05 Scale Mail Armor
62:11 Scale Barding Armor
68:19 Imperial Age
66:12 Leather Archer Armor
65:53 Bodkin Arrow
66:33 Iron Casting
66:14 Chain Mail Armor
66:20 Chain Barding Armor
70:51 Crop Rotation
70:30 Bracer
71:01 Ring Archer Armor
71:32 Blast Furnace
69:58 Heavy Scorpion
70:01 Onager
75:46 Elite Battle Elephant
gurizão do mixbr
12:31 Feudal Age
16:50 Double-Bit Axe
23:10 Castle Age
22:24 Stone Mining
22:24 Gold Mining
22:43 Scale Barding Armor
22:38 Scale Mail Armor
22:40 Padded Archer Armor
22:56 Forging
24:06 Town Watch
24:56 Wheelbarrow
24:52 Bow Saw
25:49 Chain Barding Armor
27:31 Man-at-Arms
27:57 Arson
28:00 Gambesons
28:38 Town Patrol
30:35 Iron Casting
30:28 Hand Cart
32:18 Long Swordsman
33:35 Guard Tower
33:52 Murder Holes
34:53 Chain Mail Armor
34:43 Loom
35:56 Gold Shaft Mining
38:03 Ballistics
37:59 Fortified Wall
37:52 Light Cavalry
38:34 Husbandry
40:51 Masonry
43:14 Imperial Age
44:21 Cavalier
46:57 Paladin
49:07 Two-Handed Swordsman
51:49 Champion
55:36 Plate Barding Armor
55:32 Plate Mail Armor
56:02 Blast Furnace
54:54 Fletching
55:04 Padded Archer Armor
56:12 Chemistry
55:18 Siphons
55:00 Arrowslits
62:50 Leather Archer Armor
62:30 Bodkin Arrow
63:15 Architecture
mrivero2022
14:23 Feudal Age
15:30 Double-Bit Axe
17:02 Gold Mining
19:08 Man-at-Arms
26:20 Castle Age
24:45 Stone Mining
25:43 Padded Archer Armor
26:47 Scale Barding Armor
26:42 Scale Mail Armor
26:34 Fletching
26:55 Forging
26:36 Town Watch
28:16 Bow Saw
30:19 Stone Shaft Mining
31:57 Wheelbarrow
35:30 Imperial Age
33:30 Pikeman
34:36 Town Patrol
34:29 Loom
35:16 Fortified Wall
35:44 Hand Cart
36:08 Halberdier
37:30 Horse Collar
39:00 Ballistics
40:33 Elite Skirmisher
42:38 Elite Ballista Elephant
43:25 Heavy Plow
43:48 Chain Barding Armor
43:44 Chain Mail Armor
43:25 Bodkin Arrow
44:06 Iron Casting
43:33 Caravan
44:21 Long Swordsman
44:50 Arson
46:30 Two-Handed Swordsman
46:59 Capped Ram
49:33 Hoardings
51:16 Siege Ram
54:19 Plate Barding Armor
53:59 Leather Archer Armor
53:45 Bracer
54:45 Blast Furnace
55:59 Chemistry
55:11 Tusk Swords
55:55 Crop Rotation
57:07 Husbandry
57:17 Bloodlines
57:57 Ring Archer Armor
71:09 Spies/Treason
81:30 Gold Shaft Mining
Derribando Burocracias
9:05 Feudal Age
10:26 Double-Bit Axe
12:06 Gold Mining
14:37 Stone Mining
15:19 Horse Collar
17:17 Wheelbarrow
19:38 Castle Age
17:58 Fletching
18:33 Loom
20:02 Scale Barding Armor
22:37 Bow Saw
22:48 Caravan
23:35 Gold Shaft Mining
23:35 Stone Shaft Mining
24:29 Heavy Plow
26:49 Husbandry
26:59 Bloodlines
31:42 Coinage
32:23 Hand Cart
33:11 Ballistics
33:45 Town Watch
38:08 Imperial Age
35:44 Light Cavalry
36:35 Bloodlines
36:22 Arson
38:02 Town Patrol
38:18 Bodkin Arrow
38:44 Chain Barding Armor
38:44 Nomads
38:17 Capped Ram
40:02 Conscription
40:04 Drill
39:53 Murder Holes
40:58 Chemistry
39:51 Guard Tower
41:18 Banking
40:23 Siege Ram
41:44 Heavy Scorpion
42:01 Elite Mangudai
46:13 Hoardings
45:08 Sappers
45:57 Forging
45:47 Scale Mail Armor
45:47 Padded Archer Armor
45:48 Bracer
45:27 Pikeman
46:07 Squires
45:28 Man-at-Arms
45:33 Crossbowman
45:33 Elite Skirmisher
49:35 Fortified Wall
49:47 Shipwright
49:37 Clinker Construction
49:38 Careening
49:34 Siphons
49:40 Masonry
49:23 Demolition Ship
50:14 Medium Warships
49:46 Fishing Lines
49:56 Heavy Demolition Ship
52:13 Devotion
52:14 Atonement
52:24 Fervor
52:12 Herbal Medicine
54:12 Chain Mail Armor
54:12 Leather Archer Armor
54:33 Iron Casting
56:05 Heavy Camel Rider
57:41 Plate Mail Armor
59:15 Blast Furnace
59:40 Gillnets
60:20 Heavy Warships
59:59 Onager
67:06 Siege Engineers
67:22 Carvel Hull
77:52 Siege Onager
Connection lost

Rejoining the realm…

Still unreachable

The connection could not be restored.

Session expired

The server has moved on; the page needs a fresh start.